 Dungeon Crawl Stone Soup version 0.25.1-8-g42b30a86e7 (webtiles) character file.

Game seed: 3779191458597648804

25 ew1980 the Caller (level 3, 0/28 HPs)
             Began as a Ghoul Summoner on Dec 12, 2020.
             Slain by a worm (10 damage)
             ... on level 2 of the Dungeon.
             The game lasted 00:05:42 (1828 turns).

ew1980 the Caller (Ghoul Summoner)                  Turns: 1828, Time: 00:05:43

Health: 0/28       AC:  2    Str: 11    XL:     3   Next: 6%
Magic:  3/5        EV: 12    Int: 11    God:
Gold:   86         SH:  0    Dex:  9    Spells: 3/6 levels left

rFire    . . .     SeeInvis .     - Unarmed
rCold    + . .     Gourm    .   (no shield)
rNeg     + + +     Faith    .   a - +0 robe
rPois    ∞         Spirit   .   (no helmet)
rElec    .         Reflect  .   (no cloak)
rCorr    .         Harm     .   (no gloves)
MR       .....                  (no boots)
Stlth    ++........             (no amulet)
HPRegen  0.00/turn              (no ring)
MPRegen  0.09/turn              (no ring)

@: rotting
A: rotting body, claws 1, carnivore, cold resistance 1, negative energy
resistance 3, inhibited regeneration, torment resistance, unbreathing
a: no special abilities


You were on level 2 of the Dungeon.
You were not hungry.

You visited 1 branch of the dungeon, and saw 2 of its levels.

You collected 86 gold pieces.

Inventory:

Hand Weapons
 d - a +0 dagger
Armour
 a - a +0 robe (worn)
Jewellery
 h - an uncursed ring of fire {unknown}
Scrolls
 b - a scroll of identify {unknown}
 f - a scroll of teleportation {unknown}
Potions
 e - 2 potions of might {unknown}
 g - a potion of cancellation {unknown}
 i - 2 potions of curing {unknown}
 j - a potion of berserk rage {unknown}
Comestibles
 c - 6 rations
 k - a chunk of flesh


   Skills:
 + Level 1.0 Fighting
 - Level 1.7 Dodging
 - Level 2.1 Stealth
 + Level 1.0 Unarmed Combat
 + Level 2.0 Spellcasting
 * Level 4.0 Summonings


You had 3 spell levels left.
You knew the following spells:

 Your Spells              Type           Power        Failure   Level  Hunger
a - Summon Small Mammal   Summ           #...         5%          1    ##.....
b - Call Imp              Summ           #.......     9%          2    ###....

Your spell library contained the following spells:

 Spells                   Type           Power        Failure   Level  Hunger
 Call Canine Familiar     Summ           #.......     17%         3    ####...
 Summon Guardian Golem    Hex/Summ       #.......     36%         3    ####...
 Summon Ice Beast         Ice/Summ       #.......     77%         4    #####..
 Summon Lightning Spire   Summ/Air       #.......     77%         4    #####..


Dungeon Overview and Level Annotations

Branches:
Dungeon (2/15)

Altars:


Innate Abilities, Weirdness & Mutations

Your body is rotting away.
You thrive on raw meat.
You are immune to poison.
You have sharp fingernails.
You are carnivorous and can eat meat at any time.
Your flesh is cold resistant. (rC+)
You are immune to negative energy. (rN+++)
You do not regenerate when monsters are visible.
You are immune to unholy pain and torment.
You can survive without breathing.


Message History

Your crimson imp barely misses the worm.
You scratch the worm but do no damage.
The worm is severely wounded.
The rat bites you but does no damage. The worm closely misses you.
Your crimson imp hits the worm.
Unknown command.
You scratch the worm.
The worm is almost dead.
The frilled lizard bites your crimson imp.
The rat misses you.
Your crimson imp blinks!
You closely miss the rat. The rat bites you. The worm bites you!
You barely miss the worm.
The worm is severely wounded.
The frilled lizard bites you. The rat bites you but does no damage.
Your crimson imp blinks!
You scratch the worm.
The worm is almost dead.
The frilled lizard barely misses you. The worm bites you!
You die...

###.........
#...........
#.[.........
#...........
#...........
#........?..
#.........!.
#.§.r..#####
#..@l..#
#>...5w...#
#..../......#
######
#.......#...#
#.....
#.......#...#
#.....
#.......#...#
#.....
#.......# ..#
#.....
#..?....# .#
#..... ####..


You could see a worm, a frilled lizard, a rat and a friendly crimson imp
(summoned).

Vanquished Creatures
  An ooze (D:1)
  A giant cockroach (D:1)
  A hobgoblin (D:1)
  5 bats
  2 goblins (D:1)
  4 kobolds (D:1)
  2 rats (D:2)
16 creatures vanquished.

Vanquished Creatures (collateral kills)
  A dart slug (D:1)
  A bat (D:1)
  A giant cockroach (D:1)
  2 hobgoblins (D:1)
  A ball python (D:1)
  2 frilled lizards
  A kobold (D:1)
9 creatures vanquished.

Grand Total: 25 creatures vanquished

Notes
Turn   | Place    | Note
-------+----------+-------------------------------------------
     0 | D:1      | ew1980 the Ghoul Summoner began the quest for the Orb.
     0 | D:1      | Reached XP level 1. HP: 14/14 MP: 2/2
   846 | D:1      | Reached XP level 2. HP: 21/22 MP: 3/3
   862 | D:1      | Learned a level 2 spell: Call Imp
  1409 | D:1      | Reached skill level 1 in Fighting
  1409 | D:1      | Reached skill level 1 in Unarmed Combat
  1582 | D:2      | Reached XP level 3. HP: 26/27 MP: 2/5
  1628 | D:2      | Reached skill level 4 in Summonings
  1828 | D:2      | Slain by a worm

Illustrated notes

Levels and vault maps discovered:
D:1:      minmay_arrival_plants_in_alcoves, layout_loops_cross
D:2:      layout_basic, first_ration

Skill      XL: |  1  2  3 |
---------------+----------+-----
Spellcasting   | 2 |  2.0
Fighting       | 1 |  1.0
Unarmed Combat | 1 |  1.0
Summonings     | 4 |  4.0
Dodging        | |  1.7
Stealth        | |  2.1

Action                   || total
-------------------------++-------
Melee: Unarmed           ||    83
Throw: Boomerang         ||     4
 Cast: Summon Small Mamm ||     9
       Call Imp          ||     6
 Stab: Sleeping          ||     2
  Eat: Chunk             ||     5
Armor: Robe              ||    27
Dodge: Dodged            ||    73
